XFBL
ATLANTA BRAVES @ LOS ANGELES DODGERS
08/06/1982
 
TOP OF THE 1ST
Atlanta Braves batting - Pitching for Los Angeles Dodgers : RHP Rick Rhoden
Pitching: RHP Rick Rhoden
Batting: RHB Gil Flores 0-0: Ball
1-0: Ball
2-0: Foul Ball, location: 2F
2-1: Foul Ball, location: 2F
2-2: Hit by Pitch
Batting: SHB Tony Fernandez 0-0: Ball
1-0: Ball
2-0: TRIPLE (Flyball, 9LD, EV 101.3 MPH)
Gil Flores scores
Batting: LHB Leon Durham 0-0: Ball
1-0: Fly out, F8 (Flyball, 8LD, EV 96.3 MPH)
Runner from 3rd tags up, SCORES, no throw by CF
Batting: LHB Mike Hargrove 0-0: Called Strike
0-1: Foul Ball, location: 2F
0-2: Foul Ball, location: 2F
0-2: Ball
1-2: Ball
2-2: Fly out, F9 (Line Drive, 9S, EV 96.9 MPH)
Batting: LHB Mike Scioscia 0-0: Called Strike
0-1: Fly out, F1 (Line Drive, P, EV 67.5 MPH)
Top of the 1st over - 2 runs, 1 hit, 0 errors, 0 left on base; Atlanta 2 - Los Angeles 0
BOTTOM OF THE 1ST
Los Angeles Dodgers batting - Pitching for Atlanta Braves : LHP Randy Lerch
Pitching: LHP Randy Lerch
Batting: RHB Billy Sample 0-0: Ball
1-0: Fly out, F7 (Flyball, 7LS, EV 94.4 MPH)
Batting: RHB Carney Lansford 0-0: Ball
1-0: Ball
2-0: Ground out U3 (Groundball, 34S, EV 85.6 MPH)
Batting: RHB Dick Davis 0-0: Fly out, F8 (Line Drive, 8RD, EV 91.3 MPH)
Bottom of the 1st over - 0 runs, 0 hits, 0 errors, 0 left on base; Atlanta 2 - Los Angeles 0
TOP OF THE 2ND
Atlanta Braves batting - Pitching for Los Angeles Dodgers : RHP Rick Rhoden
Batting: LHB Bobby Murcer 0-0: Bunt for hit to P - play at first, batter OUT! 1-3
Batting: LHB Joe L Morgan 0-0: Foul Ball, location: 2F
0-1: Ball
1-1: Ball
2-1: Foul Ball, location: 2F
2-2: Foul Ball, location: 2F
2-2: SINGLE (Groundball, 6MD, EV 101.9 MPH)
Batting: SHB UL Washington 0-0: Foul Ball, location: 2F
0-1: Foul Ball, location: 2F
0-2: Strikes out swinging
Batting: LHB Randy Lerch 0-0: Ball
1-0: Ball
2-0: Foul Ball, location: 2F
2-1: Called Strike
2-2: Strikes out swinging
Top of the 2nd over - 0 runs, 1 hit, 0 errors, 1 left on base; Atlanta 2 - Los Angeles 0
BOTTOM OF THE 2ND
Los Angeles Dodgers batting - Pitching for Atlanta Braves : LHP Randy Lerch
Batting: RHB Jerry Keller 0-0: Called Strike
0-1: Ball
1-1: Foul Ball, location: 2F
1-2: Ball
2-2: Ball
3-2: Foul Ball, location: 2F
3-2: Ground out 6-3 (Groundball, 6D, EV 82.5 MPH)
Batting: RHB Barry Evans 0-0: Swinging Strike
0-1: Foul Ball, location: 2F
0-2: Ball
1-2: Ball
2-2: Fly out, F9 (Flyball, 9, EV 70.6 MPH)
Batting: LHB Darren Daulton 0-0: Swinging Strike
0-1: Ball
1-1: Called Strike
1-2: Foul Ball, location: 2F
1-2: Ball
2-2: Foul Ball, location: 2F
2-2: Ball
3-2: Strikes out swinging
Bottom of the 2nd over - 0 runs, 0 hits, 0 errors, 0 left on base; Atlanta 2 - Los Angeles 0
TOP OF THE 3RD
Atlanta Braves batting - Pitching for Los Angeles Dodgers : RHP Rick Rhoden
Batting: RHB Gil Flores 0-0: Called Strike
0-1: Foul Ball, location: 2F
0-2: Strikes out swinging
Batting: SHB Tony Fernandez 0-0: Ball
1-0: Ground out U3 (Groundball, 34S, EV 90.6 MPH)
Batting: LHB Leon Durham 0-0: Ball
1-0: Ball
2-0: Foul Ball, location: 2F
2-1: SINGLE (Flyball, 89S, EV 88.8 MPH)
Batting: LHB Mike Hargrove 0-0: Ball
1-0: Called Strike
1-1: Swinging Strike
1-2: Strikes out looking
Top of the 3rd over - 0 runs, 1 hit, 0 errors, 1 left on base; Atlanta 2 - Los Angeles 0
BOTTOM OF THE 3RD
Los Angeles Dodgers batting - Pitching for Atlanta Braves : LHP Randy Lerch
Batting: SHB Spike Owen 0-0: Foul Ball, location: 2F
0-1: Ball
1-1: Ground out 5-3 (Groundball, 56S, EV 68.1 MPH)
Batting: RHB Roberto Reyes 0-0: Foul Ball, location: 2F
0-1: Foul Ball, location: 2F
0-2: Ball
1-2: SINGLE (Line Drive, 89S, EV 101.3 MPH)
Batting: RHB Rick Rhoden 0-0: Sac Bunt to 2R - play at first, batter OUT! 2-4
Roberto Reyes to second
Batting: RHB Billy Sample 0-0: Ball
1-0: Called Strike
1-1: Foul Ball, location: 2F
1-2: Foul Ball, location: 2F
1-2: Ground out 6-3 (Groundball, 6MS, EV 74.4 MPH)
Bottom of the 3rd over - 0 runs, 1 hit, 0 errors, 1 left on base; Atlanta 2 - Los Angeles 0
TOP OF THE 4TH
Atlanta Braves batting - Pitching for Los Angeles Dodgers : RHP Rick Rhoden
Batting: LHB Mike Scioscia 0-0: Ball
1-0: Called Strike
1-1: Ball
2-1: Ball
3-1: Ground out 5-3 (Groundball, 5, EV 101.3 MPH)
Batting: LHB Bobby Murcer 0-0: Ball
1-0: Swinging Strike
1-1: Swinging Strike
1-2: Ball
2-2: Ground out U3 (Groundball, 3, EV 100.0 MPH)
Batting: LHB Joe L Morgan 0-0: Called Strike
0-1: Fly out, F8 (Flyball, 8LM, EV 86.9 MPH)
Top of the 4th over - 0 runs, 0 hits, 0 errors, 0 left on base; Atlanta 2 - Los Angeles 0
BOTTOM OF THE 4TH
Los Angeles Dodgers batting - Pitching for Atlanta Braves : LHP Randy Lerch
Batting: RHB Carney Lansford 0-0: Called Strike
0-1: Foul Ball, location: 2F
0-2: Strikes out looking
Batting: RHB Dick Davis 0-0: Called Strike
0-1: Foul Ball, location: 2F
0-2: Ball
1-2: Ground out 6-3 (Groundball, 6, EV 86.3 MPH)
Batting: RHB Jerry Keller 0-0: Called Strike
0-1: Ball
1-1: Ball
2-1: Ball
3-1: Base on Balls
Batting: RHB Barry Evans 0-0: Ball
1-0: Swinging Strike
1-1: Foul Ball, location: 2F
1-2: Ball
2-2: Ball
3-2: Foul Ball, location: 2F
3-2: Base on Balls
Jerry Keller to second
Batting: LHB Darren Daulton 0-0: Ball
1-0: Fly out, F9 (Flyball, 89M, EV 90.0 MPH)
Bottom of the 4th over - 0 runs, 0 hits, 0 errors, 2 left on base; Atlanta 2 - Los Angeles 0
TOP OF THE 5TH
Atlanta Braves batting - Pitching for Los Angeles Dodgers : RHP Rick Rhoden
Batting: SHB UL Washington 0-0: Called Strike
0-1: Ball
1-1: SINGLE (Groundball, 4M, EV 105.6 MPH) (infield hit)
Batting: LHB Randy Lerch 0-0: Called Strike
0-1: Ball
1-1: Sac Bunt to 3S - play at first, batter OUT! 3-1
UL Washington to second
Batting: RHB Gil Flores 0-0: Called Strike
0-1: Ball
1-1: Foul Ball, location: 2F
1-2: Ball
2-2: Ball
3-2: Foul Ball, location: 2F
3-2: SINGLE (Groundball, 5L, EV 78.8 MPH) (infield hit)
UL Washington to third
Batting: SHB Tony Fernandez 0-0: Called Strike
0-1: Called Strike
Gil Flores steals 2nd base
0-2: Foul Ball, location: 2F
0-2: Fly out, F8 (Flyball, 89M, EV 90.0 MPH)
Runner from 3rd tags up, SCORES, throw by CF
Batting: LHB Leon Durham 0-0: Swinging Strike
0-1: Fly out, F6 (Popup, 4MD, EV 61.3 MPH)
Top of the 5th over - 1 run, 2 hits, 0 errors, 1 left on base; Atlanta 3 - Los Angeles 0
BOTTOM OF THE 5TH
Los Angeles Dodgers batting - Pitching for Atlanta Braves : LHP Randy Lerch
Batting: SHB Spike Owen 0-0: Ball
1-0: Foul Ball, location: 2F
1-1: Called Strike
1-2: Fly out, F8 (Line Drive, 8LD, EV 90.6 MPH)
Batting: RHB Roberto Reyes 0-0: Ball
1-0: SINGLE (Line Drive, 34D, EV 105.0 MPH)
Batting: RHB Rick Rhoden 0-0: Ball
1-0: Bunt missed!
1-1: Ball
2-1: Sac Bunt to 13S - play at first, batter OUT! 1-4
Roberto Reyes to second
Batting: RHB Billy Sample 0-0: Ball
1-0: Swinging Strike
1-1: Swinging Strike
1-2: Ball
2-2: Foul Ball, location: 2F
2-2: Foul Ball, location: 2F
2-2: Ground out U3 (Groundball, 3, EV 83.1 MPH)
Bottom of the 5th over - 0 runs, 1 hit, 0 errors, 1 left on base; Atlanta 3 - Los Angeles 0
TOP OF THE 6TH
Atlanta Braves batting - Pitching for Los Angeles Dodgers : RHP Rick Rhoden
Batting: LHB Mike Hargrove 0-0: Ball
1-0: Ball
2-0: Called Strike
2-1: Foul Ball, location: 2F
2-2: Ball
3-2: Ground out 4-3 (Groundball, 4D, EV 100.6 MPH)
Batting: LHB Mike Scioscia 0-0: Ball
1-0: Ground out 5-3 (Groundball, 56, EV 85.6 MPH)
Batting: LHB Bobby Murcer 0-0: Called Strike
0-1: Called Strike
0-2: Strikes out swinging
Top of the 6th over - 0 runs, 0 hits, 0 errors, 0 left on base; Atlanta 3 - Los Angeles 0
BOTTOM OF THE 6TH
Los Angeles Dodgers batting - Pitching for Atlanta Braves : LHP Randy Lerch
Batting: RHB Carney Lansford 0-0: Called Strike
0-1: Ball
1-1: Ball
2-1: Fly out, F6 (Line Drive, 6, EV 66.9 MPH)
Batting: RHB Dick Davis 0-0: Ball
1-0: Ball
2-0: Called Strike
2-1: Foul Ball, location: 2F
2-2: SINGLE (Line Drive, 9S, EV 95.6 MPH)
Batting: RHB Jerry Keller 0-0: Called Strike
0-1: Ball
1-1: Ball
2-1: Called Strike
2-2: Ball
3-2: Foul Ball, location: 2F
3-2: Fly out, F8 (Flyball, 8LD, EV 108.1 MPH)
Batting: RHB Barry Evans 0-0: Ball
1-0: Called Strike
1-1: Foul Ball, location: 2F
1-2: SINGLE (Line Drive, 3, EV 73.1 MPH) (infield hit)
Dick Davis to second
Batting: LHB Darren Daulton 0-0: Ball
1-0: Ground out U3 (Groundball, 3L, EV 82.5 MPH)
Bottom of the 6th over - 0 runs, 2 hits, 0 errors, 2 left on base; Atlanta 3 - Los Angeles 0
TOP OF THE 7TH
Atlanta Braves batting - Pitching for Los Angeles Dodgers : RHP Rick Rhoden
Batting: LHB Joe L Morgan 0-0: Called Strike
0-1: Ball
1-1: Fly out, F7 (Flyball, 7D, EV 76.9 MPH)
Batting: SHB UL Washington 0-0: Called Strike
0-1: Swinging Strike
0-2: Ball
1-2: Ball
2-2: Strikes out looking
Batting: LHB Randy Lerch 0-0: Ball
1-0: Ball
2-0: Foul Ball, location: 2F
2-1: Ball
3-1: Called Strike
3-2: Foul Ball, location: 2F
3-2: Foul Ball, location: 2F
3-2: Strikes out looking
Top of the 7th over - 0 runs, 0 hits, 0 errors, 0 left on base; Atlanta 3 - Los Angeles 0
BOTTOM OF THE 7TH
Los Angeles Dodgers batting - Pitching for Atlanta Braves : LHP Randy Lerch
Batting: SHB Spike Owen 0-0: Foul Ball, location: 2F
0-1: Foul Ball, location: 2F
0-2: Ground out 4-3 (Groundball, 4, EV 101.3 MPH)
Batting: RHB Roberto Reyes 0-0: Called Strike
0-1: Ball
1-1: Ground out 6-3 (Groundball, 6S, EV 71.9 MPH)
Batting: RHB Rick Rhoden 0-0: Ball
1-0: Ground out 4-3 (Groundball, 34, EV 81.3 MPH)
Bottom of the 7th over - 0 runs, 0 hits, 0 errors, 0 left on base; Atlanta 3 - Los Angeles 0
TOP OF THE 8TH
Atlanta Braves batting - Pitching for Los Angeles Dodgers : RHP Rick Rhoden
Batting: RHB Gil Flores 0-0: Foul Ball, location: 2F
0-1: Ball
1-1: Ball
2-1: Ground out 5-3 (Groundball, 5L, EV 91.9 MPH)
Batting: SHB Tony Fernandez 0-0: Called Strike
0-1: Foul Ball, location: 2F
0-2: Ball
1-2: Ball
2-2: Ground out 5-3 (Groundball, 5, EV 107.5 MPH)
Batting: LHB Leon Durham 0-0: Fly out, F8 (Flyball, 8RM, EV 96.9 MPH)
Top of the 8th over - 0 runs, 0 hits, 0 errors, 0 left on base; Atlanta 3 - Los Angeles 0
BOTTOM OF THE 8TH
Los Angeles Dodgers batting - Pitching for Atlanta Braves : LHP Randy Lerch
Batting: RHB Billy Sample 0-0: Fly out, F8 (Flyball, 8LM, EV 94.4 MPH)
Batting: RHB Carney Lansford 0-0: Called Strike
0-1: Swinging Strike
0-2: Ball
1-2: Ground out 5-3 (Groundball, 56, EV 105.0 MPH)
Batting: RHB Dick Davis 0-0: Ball
1-0: Ball
2-0: Fly out, F9 (Flyball, 9LS, EV 83.1 MPH)
Bottom of the 8th over - 0 runs, 0 hits, 0 errors, 0 left on base; Atlanta 3 - Los Angeles 0
TOP OF THE 9TH
Atlanta Braves batting - Pitching for Los Angeles Dodgers : RHP Rick Rhoden
Batting: LHB Mike Hargrove 0-0: Ball
1-0: Ball
2-0: Ground out 4-3 (Groundball, 4D, EV 98.8 MPH)
Batting: LHB Mike Scioscia 0-0: Ball
1-0: Fly out, F8 (Line Drive, 8RM, EV 90.6 MPH)
Batting: LHB Bobby Murcer 0-0: Called Strike
0-1: Ball
1-1: Called Strike
1-2: Ball
2-2: Strikes out swinging
Top of the 9th over - 0 runs, 0 hits, 0 errors, 0 left on base; Atlanta 3 - Los Angeles 0
BOTTOM OF THE 9TH
Los Angeles Dodgers batting - Pitching for Atlanta Braves : LHP Randy Lerch
Pitching: LHP Wilbur Wood
Now at 3B: Tom Veryzer
Now in LF: Craig Kusick
Batting: RHB Jerry Keller 0-0: Ball
1-0: Fly out, F8 (Flyball, 8LD, EV 86.9 MPH)
Batting: RHB Barry Evans 0-0: Called Strike
0-1: Hit by Pitch
Batting: LHB Darren Daulton 0-0: Called Strike
0-1: Called Strike
0-2: Ball
1-2: SINGLE (Line Drive, 7LS, EV 101.3 MPH)
Barry Evans to second
Batting: SHB Spike Owen 0-0: SINGLE (Groundball, 6MD, EV 102.5 MPH)
Barry Evans to third
Darren Daulton to second
Batting: RHB Roberto Reyes 0-0: Ball
1-0: Fly out, F9 (Flyball, 9LD, EV 93.8 MPH)
Pinch Hitting: RHB Thomas Franklin 0-0: Foul Ball, location: 2F
0-1: Fly out, F8 (Flyball, 78D, EV 100.0 MPH)
Bottom of the 9th over - 0 runs, 2 hits, 0 errors, 3 left on base; Atlanta 3 - Los Angeles 0
Thursday, August 20th, 2020 - OOTP Baseball 21.5 Build 76